 Dungeon Sprint DCSS version 0.30.1-11-g7821555f0a (webtiles) character file.

Game seed: 13484303737338959575

16100000 Groucho the Intangible (level 27, -286/228 HPs)
             Began as a Djinni Warper on Nov 25, 2023.
             Was the Champion of Makhleb.
             Annihilated by a fleshlord
             ... wielding a +9 great mace
              (341 damage)
             ... in the Dungeon (Sprint VIII: "Arena of Blood").
             The game lasted 00:07:02 (161 turns).

Groucho the Intangible (Djinni Warper)               Turns: 161, Time: 00:07:03

Health: -286/228   AC:  6    Str: 10    XL:     27
Gold:   0          EV: 34    Int: 19    God:    Makhleb [******] SH:  0 Dex: 23

rFire   + + .        i - +∞ Axe of Woe
rCold   x . .        (shield currently unavailable)
rNeg    . . .        b - +0 leather armour
rPois   ∞            (no helmet)
rElec   .            (no cloak)
rCorr   .            (no gloves)
SInv    +            (boots unavailable)
Will    ++...        (no amulet)
Stlth   ++++++++++   k - ring of see invisible
HPRegen 0.58/turn    (no ring)
MPRegen 0.00/turn

%: no teleportation, infuse magic (-287 HP)
@: flying, slowed, very slow
A: sickness immunity, fire resistance 2, cold vulnerability 1, float, innate
caster, HP casting, extra vitality 1
a: Renounce Religion, Minor Destruction, Lesser Servant of Makhleb, Major
Destruction, Greater Servant of Makhleb


You were in the Dungeon.
You worshipped Makhleb.
Makhleb was exalted by your worship.
You visited 1 branch

Inventory:

Hand Weapons
 a - a +0 hand axe
 i - the +∞ Axe of Woe (weapon)
   (You found it in the Dungeon)
Missiles
 d - 7 boomerangs of dispersal
Armour
 b - a +0 leather armour (worn)
Jewellery
 j - a +250 ring of slaying
 k - a ring of see invisible (left hand)
 l - a +250 ring of slaying
 m - a +200 ring of slaying
 n - a +200 ring of slaying
 o - a +200 ring of slaying
 p - a +200 ring of slaying
Scrolls
 c - 2 scrolls of blinking
Potions
 e - a potion of curing
 f - a potion of heal wounds
 g - a potion of haste
 h - a potion of berserk rage


   Skills:
 O Level 27 Fighting
 O Level 27 Short Blades
 O Level 27 Long Blades
 O Level 27 Axes
 O Level 27 Maces & Flails
 O Level 27 Polearms
 O Level 27 Staves
 O Level 27 Ranged Weapons
 O Level 27 Throwing
 O Level 27 Armour
 O Level 27 Dodging
 O Level 27 Stealth
 O Level 27 Shields
 O Level 27 Unarmed Combat
 O Level 27 Spellcasting
 O Level 27 Invocations
 O Level 27 Evocations


You knew the following spells:

 Your Spells              Type           Power      Damage    Failure   Level
a - Blink                 Tloc           100%       N/A       0%          2
b - Lesser Beckoning      Tloc           100%       N/A       0%          2
c - Vhi's Electric Charg  Tloc/Air       100%       N/A       0%          3
d - Teleport Other        Tloc           91%        N/A       0%          3
e - Manifold Assault      Tloc           91%        N/A       0%          4
f - Foxfire               Conj/Fire      100%       2x1d9     0%          1
g - Poisonous Vapours     Pois/Air       100%       N/A       0%          2
h - Stone Arrow           Conj/Erth      100%       3d13      0%          3
i - Dazzling Flash        Conj/Hex       100%       N/A       0%          3
j - Fulminant Prism       Conj/Hex       45%        3d21      0%          4
k - Borgnjor's Vile Clut  Necr/Erth      45%        N/A       0%          5
l - Statue Form           Tmut/Erth      60%        N/A       0%          6
m - Malign Gateway        Summ/Tloc      45%        N/A       1%          7
n - Summon Cactus Giant   Summ           45%        N/A       0%          6
o - Enfeeble              Hex            45%        N/A       1%          7
p - Summon Hydra          Summ           45%        N/A       1%          7
q - Discord               Hex            45%        N/A       1%          8
r - Death's Door          Necr           45%        N/A       2%          9
Your spell library was empty.

Dungeon Overview and Level Annotations

Branches:
Dungeon (1/1)

Altars:
Makhleb


Innate Abilities, Weirdness & Mutations

You are immune to sickness and miasma.
You are immune to poison.
Your flesh is very heat resistant. (rF++)
You are vulnerable to cold. (rC-)
You float through the air rather than walking.
You learn spells naturally, not from books.
Your magical power is your life essence.
You have superior vitality. (+4 MHP)


Message History

The bag of meat is engulfed in blazing flames.
You hear a shout! x2
Unknown command.
Unknown command.
You slice the destroyer!!
You cleave the destroyer in twain.
You destroy the destroyer!
Makhleb accepts your kill.
You feel better.
You slash the bag of meat!
You cleave the bag of meat in twain.
You kill the bag of meat!
Makhleb accepts your kill.
You feel better.
You slash the bag of meat!
You butcher the bag of meat messily.
You kill the bag of meat!
Makhleb accepts your kill.
The fleshlord is engulfed in poison gas.
The fleshlord looks as sick as possible!
The observer is engulfed in poison gas.
The observer is poisoned.
The observer gazes at you.
The bolt of fire misses the fleshlord.
The bolt of fire misses you.
You hear a shout!
The scourge breathes poison at you. The blast of poison misses you.
You hear a shout!
The eight-headed meat hydra calls on the powers of darkness!
The eight-headed meat hydra convulses!
The bag of meat convulses!
The observer convulses!
The bag of meat convulses!
The scourge convulses!
The bag of meat convulses!
Your body is wracked with pain!
* * * LOW HITPOINT WARNING * * *
A wretched soul comes into view.
The bag of meat is engulfed in blazing flames.
The observer gazes at you. Something smites you!
* * * LOW HITPOINT WARNING * * *
You hear a shout!
The fleshlord is engulfed in poison gas.
The fleshlord looks as sick as possible!
The fleshlord hits you with a +9 great mace!!!!!!
Ouch! That really hurt!
You die...

....#_.<)_#......
.)..#...).#.D..2)
..#...z)..._.)oX))...
)...)...)..###)XG.....
§§§)...###).°.LSo###...
§)§).....#..)o§..#...).
§.§.)....#§○)☼)).#...).
#..○....○°°W§☼☼)...))..
#.#.○°..Sp@☼§))).).)#..
#.)...°G°☼§†)))..)#...
#.#)..†.).§.))...##....
.#....)#).).))..#))...
......z.)))))))..#..)###
...†...##.#).)...)......
#.....).........).......
...####....#W)..)####..
.. ........))....#.


You could see a tentacled monstrosity (summoned), a tyrant (fast), an
eight-headed meat hydra, 2 observers, 2 scourges, a fleshlord (fast, extremely
poisoned), a sculptor of flesh, a large abomination (summoned), 2 wretched souls
and 3 bags of meat.

Vanquished Creatures
  Dispater (D)
  12 hell knights (D)
  Sigmund (D)
  16 hell beasts (D)
  7 royal mummies (D)
  7 great orbs of eyes (D)
  10 wraiths (D)
  17 vampire knights (D)
  46 ogres (D)
  7 two-headed ogres (D)
  9 liches (D)
  7 hydras (D)
  14 phantoms (D)
  68 orcs (D)
  5 skeletal warriors (D)
  5 sea snakes (D)
232 creatures vanquished.

Notes
Turn   | Place    | Note
-------+----------+-------------------------------------------
     0 | D        | Found the +∞ Axe of Woe
     0 | D        | Groucho the Djinni Warper began the quest for the Orb.
     0 | D        | Groucho set off with the following spells memorised: Blink,
                  | Lesser Beckoning, Vhi's Electric Charge, Teleport Other,
                  | Manifold Assault.
     0 | D        | Reached XP level 1. HP: 18/18 MP: 0/0
     1 | D        | Noticed a bag of meat
     1 | D        | Noticed a bag of meat
     2 | D        | Noticed a bag of meat
     5 | D        | Noticed a bag of meat
     5 | D        | Noticed a bag of meat
     6 | D        | Became a worshipper of Makhleb the Destroyer
     6 | D        | Noticed a bag of meat
     7 | D        | Killed a bag of meat
     7 | D        | Noticed a bag of meat
     8 | D        | Reached skill level 15 in Axes
     8 | D        | Reached XP level 2. HP: 23/23 MP: 0/0
     8 | D        | Reached XP level 3. HP: 28/28 MP: 0/0
     8 | D        | Learned a level 1 spell: Foxfire
     8 | D        | Reached XP level 4. HP: 33/33 MP: 0/0
     8 | D        | Reached XP level 5. HP: 38/38 MP: 0/0
     8 | D        | Learned a level 2 spell: Poisonous Vapours
     8 | D        | Reached XP level 6. HP: 43/43 MP: 0/0
     8 | D        | Reached XP level 7. HP: 49/49 MP: 0/0
     8 | D        | Learned a level 3 spell: Stone Arrow
     8 | D        | Reached XP level 8. HP: 54/54 MP: 0/0
     8 | D        | Reached XP level 9. HP: 58/58 MP: 0/0
     8 | D        | Learned a level 3 spell: Dazzling Flash
     8 | D        | Reached XP level 10. HP: 64/64 MP: 0/0
     8 | D        | Reached XP level 11. HP: 68/68 MP: 0/0
     8 | D        | Learned a level 4 spell: Fulminant Prism
     8 | D        | Noticed a meat berserker
     9 | D        | Noticed a bag of meat
     9 | D        | Noticed a meat berserker
    10 | D        | Killed a bag of meat
    10 | D        | Reached * piety under Makhleb
    10 | D        | Killed a bag of meat
    10 | D        | Killed a bag of meat
    11 | D        | Reached XP level 12. HP: 74/74 MP: 0/0
    11 | D        | Reached XP level 13. HP: 78/78 MP: 0/0
    11 | D        | Learned a level 5 spell: Borgnjor's Vile Clutch
    11 | D        | Killed a bag of meat
    11 | D        | Reached ** piety under Makhleb
    11 | D        | Killed a bag of meat
    11 | D        | Noticed a meat berserker
    12 | D        | Reached skill level 27 in Dodging
    12 | D        | Reached XP level 14. HP: 85/85 MP: 0/0
    12 | D        | Killed a bag of meat
    12 | D        | Noticed a bag of meat
    13 | D        | Killed a meat berserker
    13 | D        | Reached *** piety under Makhleb
    14 | D        | Reached skill level 27 in Axes
    14 | D        | Reached XP level 15. HP: 94/94 MP: 0/0
    14 | D        | Learned a level 6 spell: Statue Form
    14 | D        | Killed a meat berserker
    15 | D        | Reached skill level 10 in Fighting
    15 | D        | Reached **** piety under Makhleb
    16 | D        | Reached skill level 15 in Fighting
    16 | D        | Reached XP level 16. HP: 126/126 MP: 0/0
    16 | D        | Killed a meat berserker
    17 | D        | Reached XP level 17. HP: 138/138 MP: 0/0
    17 | D        | Learned a level 7 spell: Malign Gateway
    17 | D        | Noticed a meat berserker
    17 | D        | Noticed a meat berserker
    17 | D        | Noticed a meat berserker
    17 | D        | Noticed a meat berserker
    18 | D        | Reached ***** piety under Makhleb
    18 | D        | Killed a meat berserker
    18 | D        | Killed a meat berserker
    19 | D        | Reached XP level 18. HP: 158/158 MP: 0/0
    19 | D        | Killed a meat berserker
    19 | D        | Killed a meat berserker
    20 | D        | Reached skill level 27 in Fighting
    20 | D        | Reached XP level 19. HP: 174/174 MP: 0/0
    20 | D        | Learned a level 6 spell: Summon Cactus Giant
    21 | D        | Noticed a large bag of meat
    22 | D        | Noticed a meat berserker
    23 | D        | Noticed a meat berserker
    23 | D        | Noticed a destroyer
    24 | D        | Killed a large bag of meat
    24 | D        | Reached ****** piety under Makhleb
    24 | D        | Killed a destroyer
    24 | D        | Noticed a meat berserker
    26 | D        | Reached skill level 27 in Spellcasting
    26 | D        | Reached XP level 20. HP: 181/181 MP: 0/0
    26 | D        | Killed a meat berserker
    27 | D        | Reached skill level 27 in Armour
    28 | D        | Killed a meat berserker
    29 | D        | Noticed a large bag of meat
    31 | D        | Noticed a meat berserker
    32 | D        | Reached skill level 10 in Stealth
    32 | D        | Reached XP level 21. HP: 187/187 MP: 0/0
    32 | D        | Learned a level 7 spell: Enfeeble
    32 | D        | Killed a meat berserker
    33 | D        | Reached skill level 27 in Invocations
    35 | D        | Noticed a meat berserker
    35 | D        | Noticed a meat berserker
    36 | D        | Killed a large bag of meat
    37 | D        | Reached skill level 27 in Stealth
    37 | D        | Reached skill level 10 in Maces & Flails
    37 | D        | Reached XP level 22. HP: 189/194 MP: 0/0
    37 | D        | Killed a meat berserker
    37 | D        | Noticed a meat berserker
    37 | D        | Noticed a destroyer
    38 | D        | Noticed a destroyer
    38 | D        | Noticed a destroyer
    38 | D        | Killed a destroyer
    38 | D        | Killed a meat berserker
    38 | D        | Killed a meat berserker
    39 | D        | Reached skill level 27 in Maces & Flails
    39 | D        | Reached XP level 23. HP: 201/201 MP: 0/0
    39 | D        | Learned a level 7 spell: Summon Hydra
    39 | D        | Killed a destroyer
    39 | D        | Killed a destroyer
    41 | D        | Reached skill level 27 in Polearms
    41 | D        | Reached XP level 24. HP: 208/208 MP: 0/0
    42 | D        | Noticed a destroyer
    42 | D        | Killed a destroyer
    43 | D        | Noticed a destroyer
    44 | D        | Killed a destroyer
    47 | D        | Reached skill level 27 in Staves
    48 | D        | Reached XP level 25. HP: 214/214 MP: 0/0
    48 | D        | Learned a level 8 spell: Discord
    52 | D        | Noticed an accursed
    52 | D        | Killed an accursed
    53 | D        | Reached skill level 27 in Unarmed Combat
    54 | D        | Noticed a tyrant
    57 | D        | Noticed a dread
    58 | D        | Reached skill level 15 in Throwing
    60 | D        | Noticed a meat beast
    60 | D        | Killed a tyrant
    61 | D        | Reached XP level 26. HP: 210/221 MP: 0/0
    62 | D        | Noticed a dread
    62 | D        | Killed a dread
    62 | D        | Killed a dread
    63 | D        | Reached skill level 27 in Throwing
    63 | D        | Reached skill level 27 in Short Blades
    63 | D        | Killed a meat beast
    64 | D        | Reached skill level 27 in Long Blades
    64 | D        | Reached XP level 27. HP: 228/228 MP: 0/0
    64 | D        | Learned a level 9 spell: Death's Door
    64 | D        | Noticed a dread
    65 | D        | Killed a dread
    67 | D        | Noticed a dread
    67 | D        | Killed a dread
    68 | D        | Reached skill level 27 in Ranged Weapons
    68 | D        | Noticed a dread
    69 | D        | Killed a dread
    69 | D        | Noticed a meat beast
    69 | D        | Noticed a meat beast
    70 | D        | Reached skill level 27 in Shields
    70 | D        | Killed a meat beast
    70 | D        | Killed a meat beast
    71 | D        | Reached skill level 27 in Evocations
    74 | D        | Noticed a meat beast
    74 | D        | Noticed a meat beast
    75 | D        | Killed a meat beast
    75 | D        | Killed a meat beast
    76 | D        | Noticed a destroyer
    78 | D        | Killed a destroyer
    79 | D        | Noticed an accursed
    79 | D        | Noticed a large bag of meat
    88 | D        | Noticed an accursed
    89 | D        | Killed an accursed
    90 | D        | Killed a large bag of meat
    91 | D        | Killed an accursed
    91 | D        | Noticed a tyrant
    92 | D        | Noticed a tyrant
    92 | D        | Killed a tyrant
    92 | D        | Killed a tyrant
    97 | D        | Noticed a meat beast
    99 | D        | Noticed a tyrant
   100 | D        | Noticed an accursed
   100 | D        | Killed an accursed
   101 | D        | Noticed a dread
   101 | D        | Killed a dread
   101 | D        | Noticed a meat beast
   101 | D        | Noticed a tyrant
   101 | D        | Noticed a large bag of meat
   102 | D        | Killed a tyrant
   102 | D        | Killed a meat beast
   102 | D        | Killed a large bag of meat
   103 | D        | Killed a meat beast
   106 | D        | Noticed a destroyer
   106 | D        | Noticed an accursed
   107 | D        | Noticed a large bag of meat
   110 | D        | Noticed a meat beast
   111 | D        | Noticed a tyrant
   111 | D        | Noticed an accursed
   112 | D        | Killed an accursed
   112 | D        | Killed a large bag of meat
   112 | D        | Killed a tyrant
   112 | D        | Noticed a dread
   113 | D        | Noticed The Captor
   114 | D        | Killed The Captor
   114 | D        | Noticed a tyrant
   115 | D        | Killed a tyrant
   115 | D        | Killed a destroyer
   115 | D        | Killed a dread
   117 | D        | Noticed a fleshlord
   119 | D        | Noticed a fleshlord
   119 | D        | Killed a fleshlord
   119 | D        | Killed a fleshlord
   119 | D        | Killed a meat beast
   119 | D        | Noticed a fleshlord
   120 | D        | Killed a fleshlord
   122 | D        | Noticed a dread
   123 | D        | Noticed a fleshlord
   123 | D        | Killed a dread
   123 | D        | Killed a fleshlord
   124 | D        | Noticed a tyrant
   124 | D        | Noticed a meat beast
   125 | D        | Killed a meat beast
   125 | D        | Killed a tyrant
   125 | D        | Noticed a meat beast
   126 | D        | Noticed an accursed
   126 | D        | Noticed a destroyer
   126 | D        | Noticed a dread
   126 | D        | Noticed a meat beast
   127 | D        | Noticed a meat beast
   127 | D        | Noticed a fleshlord
   127 | D        | Noticed a meat beast
   127 | D        | Killed an accursed
   127 | D        | Noticed a tyrant
   127 | D        | Noticed a fleshlord
   129 | D        | Noticed a fleshlord
   129 | D        | Noticed a destroyer
   130 | D        | Killed a meat beast
   130 | D        | Killed a destroyer
   130 | D        | Killed a fleshlord
   130 | D        | Noticed a fleshlord
   130 | D        | Noticed a fleshlord
   131 | D        | Killed a meat beast
   132 | D        | Killed a meat beast
   132 | D        | Noticed a destroyer
   132 | D        | Noticed a meat beast
   133 | D        | Killed a meat beast
   133 | D        | Killed a destroyer
   133 | D        | Killed a meat beast
   133 | D        | Killed a fleshlord
   133 | D        | Noticed a fleshlord
   134 | D        | Killed a dread
   134 | D        | Killed a fleshlord
   134 | D        | Noticed a destroyer
   134 | D        | Noticed a large bag of meat
   136 | D        | Killed a fleshlord
   136 | D        | Killed a destroyer
   138 | D        | Noticed a destroyer
   140 | D        | Killed a fleshlord
   140 | D        | Noticed a large bag of meat
   142 | D        | Killed a destroyer
   142 | D        | Noticed a destroyer
   143 | D        | Noticed a fleshlord
   143 | D        | Killed a fleshlord
   143 | D        | Killed a destroyer
   143 | D        | Noticed a fleshlord
   145 | D        | Killed a tyrant
   145 | D        | Noticed a dread
   146 | D        | Noticed The Meatlord
   146 | D        | Killed The Meatlord
   147 | D        | Noticed a meat beast
   147 | D        | Killed a large bag of meat
   147 | D        | Killed a fleshlord
   147 | D        | Noticed a destroyer
   147 | D        | Noticed a tyrant
   149 | D        | Killed a destroyer
   149 | D        | Killed a large bag of meat
   149 | D        | Noticed a meat beast
   149 | D        | Noticed a tyrant
   150 | D        | Killed a dread
   150 | D        | Killed a meat beast
   150 | D        | Killed a tyrant
   151 | D        | Killed an accursed
   151 | D        | Killed a destroyer
   152 | D        | Killed a meat beast
   152 | D        | Noticed a fleshlord
   153 | D        | Killed a fleshlord
   156 | D        | Noticed a destroyer
   156 | D        | Noticed a destroyer
   159 | D        | Killed a destroyer
   161 | D        | Killed a destroyer
   161 | D        | Annihilated by a fleshlord

Illustrated notes

Levels and vault maps discovered:
D:        meatsprint

Skill      XL: |  1  2  3  4  5  6  7  8  9 10 11 12 13 14 15 16 17 18 19 20 21 22 23 24 25 26 27 |
---------------+----------------------------------------------------------------------------------+-----
Axes           | 15 20 23 27 | 27.0
Dodging        | 19 25 27 | 27.0
Fighting       | 3 15 18 23 27 | 27.0
Armour         | 2 11 13 17 20 26 27 | 27.0
Spellcasting   | 3 12 14 18 22 27 | 27.0
Invocations    | 25 27 | 27.0
Stealth        | 10 27 | 27.0
Maces & Flails | 10 27 | 27.0
Polearms       | 6 27 | 27.0
Staves         | 7 27 | 27.0
Unarmed Combat | 22 27 | 27.0
Throwing       | 25 27 | 27.0
Short Blades   | 27 | 27.0
Long Blades    | 27 | 27.0
Ranged Weapons | 2 27 | 27.0
Shields        | 27 | 27.0
Evocations     | 27 | 27.0

Action                     |  1- 3 |  4- 6 |  7- 9 | 10-12 | 13-15 | 16-18 | 19-21 | 22-24 | 25-27 || total
---------------------------+-------+-------+-------+-------+-------+-------+-------+-------+-------++-------
  Melee: Executioner's axe |     1 |       |       |     1 |     7 |     9 |    12 |    18 |   149 ||   197
   Cast: Manifold Assault  |       |       |       |       |     1 |     2 |     1 |     7 |    32 ||    43
   Stab: Distracted        |       |       |       |       |       |       |       |       |     1 ||     1
 Armour: Leather armour    |       |       |       |       |       |       |       |       |     1 ||     1
  Dodge: Dodged            |       |       |       |       |       |       |       |       |     8 ||     8
